TOP OF THE 1ST |
Duke Blue Devils batting - Pitching for Oklahoma Sooners : RHP Frank Simmons
|
Pitching: RHP Frank Simmons
|
|
Batting: SHB Tomás Sánchez
|
0-0: Called Strike 0-1: Swinging Strike 0-2: Strikes out swinging
|
Batting: RHB Matt Osborne
|
0-0: Called Strike 0-1: Ball 1-1: Ball 2-1: Swinging Strike 2-2: SINGLE (Line Drive, 6D)
|
Batting: LHB Francisco Ríos
|
0-0: Ball 1-0: Called Strike 1-1: Ball 2-1: Ball 3-1: Foul Ball, location: 2F 3-2: Strikes out looking
|
Batting: LHB Dennis King
|
0-0: Called Strike 0-1: Ball 1-1: Foul Ball, location: 2F 1-2: Strikes out swinging
|
Top of the 1st over - 0 run(s), 1 hit(s), 0 error(s), 1 left on base; Duke 0 - Oklahoma 0 |
BOTTOM OF THE 1ST |
Oklahoma Sooners batting - Pitching for Duke Blue Devils : RHP Scott Lambert
|
Pitching: RHP Scott Lambert
|
|
Batting: LHB Larry Wright
|
0-0: Called Strike 0-1: Ball 1-1: Swinging Strike 1-2: SOLO HOME RUN (Flyball, 9D), Distance : 347 ft
|
Batting: SHB Allen King
|
0-0: Called Strike 0-1: Foul Ball, location: 2F 0-2: Fly out, F7 (Flyball, 78M)
|
Batting: RHB Rafael Barajas
|
0-0: Ball 1-0: Called Strike 1-1: Ball 2-1: Ball 3-1: Base on Balls
|
Batting: RHB Albert Morán
|
0-0: Ball 1-0: Foul Ball, location: 2F 1-1: Ball 2-1: Foul Ball, location: 2F 2-2: Foul Ball, location: 2F 2-2: Strikes out swinging
|
Batting: RHB Sidney Boyd
|
0-0: Called Strike 0-1: Ball 1-1: Fly out, F4 (Popup, 4D)
|
Bottom of the 1st over - 1 run(s), 1 hit(s), 0 error(s), 1 left on base; Duke 0 - Oklahoma 1 |
TOP OF THE 2ND |
Duke Blue Devils batting - Pitching for Oklahoma Sooners : RHP Frank Simmons
|
Batting: RHB Peter Hernández
|
0-0: Swinging Strike 0-1: Swinging Strike 0-2: Strikes out swinging
|
Batting: RHB Randall Walker
|
0-0: Called Strike 0-1: Ball 1-1: Foul Ball, location: 2F 1-2: Hit by Pitch
|
Batting: LHB Cade Brown
|
0-0: Called Strike 0-1: Ball 1-1: Ball 2-1: Ball 3-1: Called Strike 3-2: Foul Ball, location: 2F 3-2: Strikes out looking
|
Batting: LHB Kelsey Greer
|
0-0: Ball 1-0: Fly out, F7 (Flyball, 78M)
|
Top of the 2nd over - 0 run(s), 0 hit(s), 0 error(s), 1 left on base; Duke 0 - Oklahoma 1 |
BOTTOM OF THE 2ND |
Oklahoma Sooners batting - Pitching for Duke Blue Devils : RHP Scott Lambert
|
Batting: RHB Andrés Macíal
|
0-0: Called Strike 0-1: Ball 1-1: Fly out, F9 (Flyball, 9LS)
|
Batting: RHB Larry Smith
|
0-0: Ball 1-0: Ball 2-0: Ground out 4-3 (Groundball, 4)
|
Batting: RHB Martín Rodríguez
|
0-0: SOLO HOME RUN (Flyball, 7LD), Distance : 325 ft
|
Batting: LHB Tristan Sims
|
0-0: Foul Ball, location: 2F 0-1: Called Strike 0-2: Strikes out swinging
|
Bottom of the 2nd over - 1 run(s), 1 hit(s), 0 error(s), 0 left on base; Duke 0 - Oklahoma 2 |
TOP OF THE 3RD |
Duke Blue Devils batting - Pitching for Oklahoma Sooners : RHP Frank Simmons
|
Batting: RHB Danny Morrison
|
0-0: Called Strike 0-1: Ball 1-1: Foul Ball, location: 2F 1-2: Strikes out swinging
|
Batting: SHB Tomás Sánchez
|
0-0: Ball 1-0: Ball 2-0: Called Strike 2-1: Ground out 5-3 (Groundball, 56S)
|
Batting: RHB Matt Osborne
|
0-0: Ball 1-0: Fly out, F7 (Flyball, 7)
|
Top of the 3rd over - 0 run(s), 0 hit(s), 0 error(s), 0 left on base; Duke 0 - Oklahoma 2 |
BOTTOM OF THE 3RD |
Oklahoma Sooners batting - Pitching for Duke Blue Devils : RHP Scott Lambert
|
Batting: LHB Larry Wright
|
0-0: Ball 1-0: Ball 2-0: Called Strike 2-1: Foul Ball, location: 2F 2-2: Foul Ball, location: 2F 2-2: Foul Ball, location: 2F 2-2: SOLO HOME RUN (Flyball, 9D), Distance : 364 ft
|
Batting: SHB Allen King
|
0-0: Ball 1-0: Swinging Strike 1-1: Ball 2-1: Called Strike 2-2: Fly out, F8 (Flyball, 8RD)
|
Batting: RHB Rafael Barajas
|
0-0: Called Strike 0-1: Ball 1-1: Swinging Strike 1-2: Foul Ball, location: 2F 1-2: Strikes out looking
|
Batting: RHB Albert Morán
|
0-0: Ball 1-0: Ball 2-0: Ball 3-0: Base on Balls
|
Batting: RHB Sidney Boyd
|
0-0: Ball 1-0: Called Strike 1-1: Foul Ball, location: 2F 1-2: Ball Albert Morán is caught stealing 2nd base
|
Bottom of the 3rd over - 1 run(s), 1 hit(s), 0 error(s), 0 left on base; Duke 0 - Oklahoma 3 |
TOP OF THE 4TH |
Duke Blue Devils batting - Pitching for Oklahoma Sooners : RHP Frank Simmons
|
Batting: LHB Francisco Ríos
|
0-0: Called Strike 0-1: Swinging Strike 0-2: Strikes out swinging
|
Batting: LHB Dennis King
|
0-0: SINGLE (Groundball, 6MD)
|
Batting: RHB Peter Hernández
|
0-0: Ball 1-0: Ball 2-0: Ball 3-0: Base on Balls Dennis King to second
|
Batting: RHB Randall Walker
|
0-0: Fly out, F9 (Flyball, 9)
|
Batting: LHB Cade Brown
|
0-0: Fly out, F7 (Flyball, 78S)
|
Top of the 4th over - 0 run(s), 1 hit(s), 0 error(s), 2 left on base; Duke 0 - Oklahoma 3 |
BOTTOM OF THE 4TH |
Oklahoma Sooners batting - Pitching for Duke Blue Devils : RHP Scott Lambert
|
Batting: RHB Sidney Boyd
|
0-0: Ball 1-0: Ball 2-0: Ball 3-0: Called Strike 3-1: Foul Ball, location: 2F 3-2: Fly out, F7 (Flyball, 78M)
|
Batting: RHB Andrés Macíal
|
0-0: Ball 1-0: Ball 2-0: SINGLE (Groundball, 6MD)
|
Batting: RHB Larry Smith
|
0-0: Called Strike Andrés Macíal steals 2nd base 0-1: Ball 1-1: Ball 2-1: Foul Ball, location: 2F 2-2: Strikes out looking
|
Batting: RHB Martín Rodríguez
|
0-0: Swinging Strike 0-1: Called Strike 0-2: Ground out 6-3 (Groundball, 6)
|
Bottom of the 4th over - 0 run(s), 1 hit(s), 0 error(s), 1 left on base; Duke 0 - Oklahoma 3 |
TOP OF THE 5TH |
Duke Blue Devils batting - Pitching for Oklahoma Sooners : RHP Frank Simmons
|
Batting: LHB Kelsey Greer
|
0-0: Ball 1-0: Called Strike 1-1: Ball 2-1: Called Strike 2-2: Strikes out swinging
|
Batting: RHB Danny Morrison
|
0-0: Hit by Pitch
|
Batting: SHB Tomás Sánchez
|
0-0: Fielders Choice at 2nd, 6-4 (Groundball, 6)
|
Batting: RHB Matt Osborne
|
0-0: Foul Ball, location: 2F 0-1: Foul Ball, location: 2F 0-2: Ball Tomás Sánchez steals 2nd base 1-2: Strikes out swinging
|
Top of the 5th over - 0 run(s), 0 hit(s), 0 error(s), 1 left on base; Duke 0 - Oklahoma 3 |
BOTTOM OF THE 5TH |
Oklahoma Sooners batting - Pitching for Duke Blue Devils : RHP Scott Lambert
|
Batting: LHB Tristan Sims
|
0-0: Called Strike 0-1: Called Strike 0-2: Ball 1-2: Ball 2-2: Ground out 4-3 (Groundball, 4)
|
Batting: LHB Larry Wright
|
0-0: Called Strike 0-1: Ball 1-1: Ball 2-1: Ball 3-1: Called Strike 3-2: Foul Ball, location: 2F 3-2: Base on Balls
|
Pitching: RHP Homer Moore
|
|
Batting: SHB Allen King
|
0-0: Ball 1-0: Ball 2-0: Foul Ball, location: 2F 2-1: SINGLE (Flyball, 8LS) Larry Wright to second Runner from 2nd tries for 3rd, SAFE, no throw
|
Batting: RHB Rafael Barajas
|
0-0: Called Strike 0-1: Foul Ball, location: 2F 0-2: SINGLE (Popup, 4D) Larry Wright scores Allen King to second Runner from 2nd tries for 3rd, SAFE, throw made to third
|
Batting: RHB Albert Morán
|
0-0: Called Strike 0-1: Called Strike 0-2: Strikes out swinging
|
Batting: RHB Sidney Boyd
|
0-0: Called Strike 0-1: Foul Ball, location: 2F 0-2: Ball 1-2: Fielders Choice at 2nd, 4-6 (Groundball, 4)
|
Bottom of the 5th over - 1 run(s), 2 hit(s), 0 error(s), 1 left on base; Duke 0 - Oklahoma 4 |
TOP OF THE 6TH |
Duke Blue Devils batting - Pitching for Oklahoma Sooners : RHP Frank Simmons
|
Batting: LHB Francisco Ríos
|
0-0: Ball 1-0: Ball 2-0: Called Strike 2-1: Foul Ball, location: 2F 2-2: Ball 3-2: Foul Ball, location: 2F 3-2: Foul Ball, location: 2F 3-2: Fly out, F7 (Flyball, 78M)
|
Batting: LHB Dennis King
|
0-0: Fly out, F5 (Popup, 5)
|
Batting: RHB Peter Hernández
|
0-0: Called Strike 0-1: Ball 1-1: Called Strike 1-2: Strikes out swinging
|
Top of the 6th over - 0 run(s), 0 hit(s), 0 error(s), 0 left on base; Duke 0 - Oklahoma 4 |
BOTTOM OF THE 6TH |
Oklahoma Sooners batting - Pitching for Duke Blue Devils : RHP Homer Moore
|
Batting: RHB Andrés Macíal
|
0-0: SINGLE (Groundball, 6D)
|
Batting: RHB Larry Smith
|
0-0: Ball 1-0: Foul Ball, location: 2F 1-1: Ball 2-1: Called Strike 2-2: Foul Ball, location: 2F 2-2: Fly out, F7 (Flyball, 7D)
|
Batting: RHB Martín Rodríguez
|
0-0: Grounds into double play, 6-4-3 (Groundball, 6)
|
Bottom of the 6th over - 0 run(s), 1 hit(s), 0 error(s), 0 left on base; Duke 0 - Oklahoma 4 |
TOP OF THE 7TH |
Duke Blue Devils batting - Pitching for Oklahoma Sooners : RHP Frank Simmons
|
Batting: RHB Randall Walker
|
0-0: Called Strike 0-1: Foul Ball, location: 2F 0-2: Fly out, F8 (Flyball, 8LS)
|
Pitching: RHP Neil Adams
|
|
Batting: LHB Cade Brown
|
0-0: Called Strike 0-1: Called Strike 0-2: Ball 1-2: DOUBLE (Line Drive, 89M)
|
Batting: LHB Kelsey Greer
|
0-0: Called Strike 0-1: Called Strike 0-2: Strikes out swinging
|
Batting: RHB Danny Morrison
|
0-0: Ball 1-0: Ball 2-0: Foul Ball, location: 2F 2-1: Foul Ball, location: 2F 2-2: Foul Ball, location: 2F 2-2: Fly out, F7 (Flyball, 7)
|
Top of the 7th over - 0 run(s), 1 hit(s), 0 error(s), 1 left on base; Duke 0 - Oklahoma 4 |
BOTTOM OF THE 7TH |
Oklahoma Sooners batting - Pitching for Duke Blue Devils : RHP Homer Moore
|
Batting: LHB Tristan Sims
|
0-0: Ball 1-0: Ball 2-0: Swinging Strike 2-1: Called Strike 2-2: Ball 3-2: Strikes out looking
|
Batting: LHB Larry Wright
|
0-0: Ball 1-0: Called Strike 1-1: Ball 2-1: Ball 3-1: Base on Balls
|
Batting: SHB Allen King
|
0-0: Called Strike 0-1: Ball 1-1: Swinging Strike 1-2: Ball Throwing error on steal attempt, E2 Larry Wright to third 2-2: Ground out 4-3 (Groundball, 34D) Larry Wright scores
|
Batting: RHB Rafael Barajas
|
0-0: Called Strike 0-1: Ball 1-1: Foul Ball, location: 2F 1-2: Strikes out looking
|
Bottom of the 7th over - 1 run(s), 0 hit(s), 1 error(s), 0 left on base; Duke 0 - Oklahoma 5 |
TOP OF THE 8TH |
Duke Blue Devils batting - Pitching for Oklahoma Sooners : RHP Neil Adams
|
Batting: SHB Tomás Sánchez
|
0-0: Foul Ball, location: 2F 0-1: Called Strike 0-2: Ball 1-2: Foul Ball, location: 2F 1-2: Ball 2-2: Ground out U3 (Groundball, 34)
|
Batting: RHB Matt Osborne
|
0-0: Called Strike 0-1: Swinging Strike 0-2: Ball 1-2: Strikes out looking
|
Batting: LHB Francisco Ríos
|
0-0: Ball 1-0: Foul Ball, location: 2F 1-1: Reached on error, E4 (Groundball, 34D)
|
Batting: LHB Dennis King
|
0-0: Ball 1-0: Called Strike 1-1: Ball 2-1: Swinging Strike 2-2: Ball 3-2: Base on Balls Francisco Ríos to second
|
Batting: RHB Peter Hernández
|
0-0: Ball 1-0: Called Strike 1-1: Swinging Strike 1-2: Ball 2-2: Strikes out swinging
|
Top of the 8th over - 0 run(s), 0 hit(s), 1 error(s), 2 left on base; Duke 0 - Oklahoma 5 |
BOTTOM OF THE 8TH |
Oklahoma Sooners batting - Pitching for Duke Blue Devils : RHP Homer Moore
|
Batting: RHB Albert Morán
|
0-0: Ball 1-0: DOUBLE (Flyball, 78M)
|
Batting: RHB Sidney Boyd
|
0-0: Ball 1-0: Ball 2-0: Ball 3-0: Base on Balls
|
Batting: RHB Andrés Macíal
|
0-0: Ball 1-0: Called Strike 1-1: Ball 2-1: Foul Ball, location: 2F 2-2: Strikes out looking
|
Pitching: RHP Albert Villa
|
|
Batting: RHB Larry Smith
|
0-0: Ball 1-0: Called Strike Albert Morán is caught stealing 3rd base Sidney Boyd to second 1-1: Foul Ball, location: 2F 1-2: Foul Ball, location: 2F 1-2: Ball 2-2: Strikes out swinging
|
Bottom of the 8th over - 0 run(s), 1 hit(s), 0 error(s), 1 left on base; Duke 0 - Oklahoma 5 |
TOP OF THE 9TH |
Duke Blue Devils batting - Pitching for Oklahoma Sooners : RHP Neil Adams
|
Batting: RHB Randall Walker
|
0-0: Ball 1-0: Called Strike 1-1: Foul Ball, location: 2F 1-2: Foul Ball, location: 2F 1-2: Strikes out swinging
|
Batting: LHB Cade Brown
|
0-0: Ball 1-0: Ball 2-0: Ball 3-0: Called Strike 3-1: Swinging Strike 3-2: Ground out 3-1 (Groundball, 34)
|
Batting: LHB Kelsey Greer
|
0-0: Called Strike 0-1: Ball 1-1: Foul Ball, location: 2F 1-2: Fly out, F7 (Flyball, 7LMF)
|
Top of the 9th over - 0 run(s), 0 hit(s), 0 error(s), 0 left on base; Duke 0 - Oklahoma 5 |
|